 Dungeon Crawl Stone Soup version 0.15-a0-2246-gfd41422 (webtiles) character file.

347 Charly the Grappler (level 6, -17/50 (51) HPs)
             Began as a Ghoul Monk on July 26, 2014.
             Was a Believer of Makhleb.
             Demolished by an orc warrior
             ... wielding a +0 halberd
              (23 damage)
             ... on Level 6 of the Dungeon.
             The game lasted 00:21:48 (1784 turns).

Charly the Grappler (Ghoul Monk)                    Turns: 1784, Time: 00:21:48

HP -17/50 (51)   AC  5     Str 15      XL: 6   Next: 59%
MP   5/5         EV 18     Int  5      God: Makhleb [**....]
Gold 107         SH  0     Dex 18      Spells:  0 memorised,  5 levels left

rFire  . . .     SeeInvis .       - Unarmed
rCold  + . .     Clarity  .     a - +0 robe
rNeg   + + +     rCorr    .     (no shield)
rPois  +         rRot     +     (no helmet)
rElec  .         Spirit   .     b - +2 cloak
SustAb .         Warding  .     (no gloves)
rMut   .         Stasis   .     (no boots)
Saprov + + +                    (no amulet)
MR     .....                    (no ring)
                                (no ring)

@: agile, rotting, not resistant to hostile enchantments, fairly stealthy
A: rotting body, claws 1, carnivore 3, cold resistance 1, negative energy
resistance 3, poison resistance, saprovore 3, slow healing 1, torment
resistance, unbreathing
a: Minor Destruction, Renounce Religion


You were on level 6 of the Dungeon.
You worshipped Makhleb.
Makhleb was pleased with you.
You were not hungry.

You visited 2 branches of the dungeon, and saw 7 of its levels.

You collected 107 gold pieces.

Inventory:

Armour
 a - a +0 robe (worn)
 b - a +2 cloak (worn)
Magical devices
 n - a wand of fire (5)
Comestibles
 d - a beef jerky
 g - a slice of pizza
 j - a meat ration
Scrolls
 h - a scroll of blinking {unknown}
 i - a scroll of amnesia
 k - a scroll of enchant weapon {unknown}
 m - a scroll of teleportation
Potions
 c - a potion of brilliance
 f - a potion of haste
 l - a potion of heal wounds {unknown}


   Skills:
 - Level 3.2 Fighting
 - Level 2.6 Dodging
 - Level 2.1 Stealth
 + Level 8.4 Unarmed Combat


You had 5 spell levels left.
You didn't know any spells.

Dungeon Overview and Level Annotations

Branches:
Dungeon (6/15)             Temple (1/1) D:5

Altars:
Ashenzari
Cheibriados
Dithmenos
Elyvilon
Gozag
Kikubaaqudgha
Makhleb
Nemelex Xobeh
Qazlal
Trog
Vehumet
Yredelemnul
Zin
The Shining One


Innate Abilities, Weirdness & Mutations

Your body is rotting away.
You have sharp fingernails.
You are carnivorous and can eat meat at any time.
Your flesh is cold resistant.
You are immune to negative energy.
Your system is resistant to poisons.
You thrive on rotten meat.
You heal slowly when monsters are visible.
You are immune to unholy pain and torment.
You can survive without breathing.


Message History

The orc warrior hits you with a halberd!
You closely miss the orc warrior.
The orc warrior is severely wounded.
The orc priest becomes somewhat translucent.
The orc warrior hits you with a halberd!
* * * LOW HITPOINT WARNING * * *
You claw the orc warrior!
The orc warrior is almost dead.
Drink which item? (? for menu, Esc to quit)
You feel agile all of a sudden. The orc warrior barely misses you.
You scratch the orc warrior.
The orc warrior is almost dead.
The orc warrior barely misses you.
The orc wizard's eyes start to glow.
An orc comes into view. It is wielding a dagger.
You scratch the orc warrior but do no damage.
The orc warrior is almost dead.
The orc warrior hits you with a halberd!!
You die...

######. ....#[..
.....o# ####....#
##_##....#
##...##..o#
#8.#.8#...#
##...##..o#######
##.####...ooo@.##
#'#♣##...####..#
♣...'.#### ##.#
#'#♣#..# #.#
##.###..## .#
##...###..## #
#8.#.8##...##
##...###.<..#
##_###.%%.##


You could see an orc warrior (bleeding), an orc priest, an orc wizard and an
orc.

Vanquished Creatures
  An ogre (D:4)
  2 scorpions
  An iguana (D:4)
  A worker ant (D:4)
  A hound skeleton (D:5)
  4 adders
  2 worms (D:4)
  3 giant geckos
  3 giant cockroaches
  3 goblins
  6 hobgoblins
  3 jackals (D:4)
  2 kobolds (D:2)
  2 quokkas
  A ball python (D:5)
  4 bats
  A giant newt (D:2)
  A goblin skeleton (D:4)
  A kobold skeleton (D:4)
  An orc skeleton (D:4)
  3 rats (D:2)
46 creatures vanquished.

Notes
Turn   | Place    | Note
--------------------------------------------------------------
     0 | D:1      | Charly, the Ghoul Monk, began the quest for the Orb.
     0 | D:1      | Reached XP level 1. HP: 19/19 MP: 1/1
   143 | D:2      | Reached skill level 5 in Unarmed Combat
   143 | D:2      | Reached XP level 2. HP: 17/26 MP: 2/2
   279 | D:2      | Reached XP level 3. HP: 22/31 MP: 3/3
   591 | D:4      | Reached skill level 6 in Unarmed Combat
   591 | D:4      | Reached XP level 4. HP: 35/35 MP: 3/3
  1037 | D:4      | Reached XP level 5. HP: 45/45 MP: 4/4
  1191 | D:4      | Reached skill level 7 in Unarmed Combat
  1198 | D:4      | Noticed an ogre
  1208 | D:4      | Killed an ogre
  1208 | D:4      | Reached XP level 6. HP: 38/51 MP: 5/5
  1213 | D:4      | Noticed a scorpion
  1224 | D:4      | Killed a scorpion
  1224 | D:4      | Reached skill level 8 in Unarmed Combat
  1445 | D:5      | Entered Level 5 of the Dungeon
  1625 | D:5      | Found a staircase to the Ecumenical Temple.
  1631 | Temple   | Entered the Ecumenical Temple
  1687 | Temple   | Became a worshipper of Makhleb the Destroyer
  1687 | Temple   | Acquired Makhleb's first power
  1687 | Temple   | Acquired Makhleb's second power
  1734 | D:6      | Found a snail-covered altar of Cheibriados.
  1746 | D:6      | Found a glowing golden altar of the Shining One.
  1784 | D:6      | Demolished by an orc warrior

Action                   |  1- 3 |  4- 6 || total
-------------------------+-------+-------++-------
Melee: Unarmed           |    79 |    79 ||   158
Evoke: Wand              |       |     1 ||     1
  Use: Scroll            |     3 |     5 ||     8
       Potion            |       |     1 ||     1
 Stab: Sleeping          |     3 |     1 ||     4
  Eat: Chunk             |     1 |     7 ||     8
